 Dungeon Crawl Stone Soup version 0.29-a0-330-g52719c12eb (webtiles) character file.

Game seed: 11820815067026963218

2710 kae the Firebug (level 9, 0/72 HPs)
             Began as a Demigod Fire Elementalist on May 30, 2022.
             Slain by Maggie
             ... wielding a +0 glaive of flaming
              (6 damage)
             ... on level 6 of the Dungeon.
             The game lasted 00:06:44 (9863 turns).

kae the Firebug (Demigod Fire Elementalist)         Turns: 9863, Time: 00:06:45

Health: 0/72       AC:  4    Str:  9    XL:     9   Next: 16%
Magic:  13/19      EV: 12    Int: 29    God:
Gold:   642        SH:  0    Dex: 14    Spells: 4/17 levels left

rFire   . . .      SeeInvis +   o - +2 club (spect)
rCold   . . .      Faith    .   (no shield)
rNeg    . . .      Spirit   .   a - +1 robe
rPois   .          Reflect  .   p - +0 helmet
rElec   .          Harm     .   (no cloak)
rCorr   .          Rampage  .   (no gloves)
Will    .....                   (no boots)
Stlth   ++........              k - amulet of regeneration
HPRegen 1.02/turn               d - ring of see invisible
MPRegen 0.16/turn               (no ring)

@: no status effects
A: high MP 1, forlorn, divine attributes
a: no special abilities


You were on level 6 of the Dungeon.
You visited 1 branch of the dungeon, and saw 8 of its levels.
You also visited: Ossuary.

You collected 642 gold pieces.

Inventory:

Hand Weapons
 o - a +2 spectral club (weapon)
Armour
 a - a +1 robe (worn)
 p - a +0 helmet (worn)
Jewellery
 d - a ring of see invisible (left hand)
 k - an amulet of regeneration (around neck)
Wands
 r - a wand of paralysis (2)
 s - a wand of digging (6)
 y - a wand of polymorph (4)
Scrolls
 f - 2 scrolls of fear
 l - 3 scrolls of teleportation
 v - a scroll of blinking
 z - 2 scrolls of silence
Potions
 b - 2 potions of magic
 c - a potion of berserk rage
 e - 2 potions of curing
 g - 6 potions of invisibility
 h - 4 potions of heal wounds
 i - 8 potions of lignification {unknown}
 j - 4 potions of might
 m - 3 potions of flight {unknown}
 n - a potion of degeneration {unknown}
 q - a potion of attraction {unknown}
 t - a potion of mutation {unknown}
 u - a potion of resistance
 w - 3 potions of haste {unknown}
 x - a potion of brilliance {unknown}


   Skills:
 + Level 4.6 Fighting
 + Level 1.7 Dodging
 - Level 1.7 Stealth
 + Level 4.6 Spellcasting
 * Level 6.8 Conjurations
 * Level 7.4 Fire Magic


You had 4 spell levels left.
You knew the following spells:

 Your Spells              Type           Power      Damage    Failure   Level
a - Foxfire               Conj/Fire      100%       2x1d9     1%          1
b - Scorch                Fire           98%        2d10      1%          2
c - Conjure Flame         Conj/Fire      48%        6-21      1%          3
d - Inner Flame           Hex/Fire       28%        N/A       4%          3
e - Flame Wave            Conj/Fire      48%        2d10      3%          4

Your spell library contained the following spells:

 Spells                   Type           Power      Damage    Failure   Level
 Pain                     Necr           24%        1d5       7%          1
 Sublimation of Blood     Necr           6%         N/A       10%         2
 Petrify                  Tmut/Erth      6%         N/A       54%         4
 Irradiate                Conj/Tmut      13%        3d17      41%         5


Dungeon Overview and Level Annotations

Branches:
Dungeon (8/15)             Temple (0/1) D:7         Ossuary (visited)
   Lair: D:8-11

Shops:
D:1 [

Annotations:
D:6 Maggie
D:7 Joseph


Innate Abilities, Weirdness & Mutations

You have an increased reservoir of magic. (+10% MP)
You shall have no god before yourself.
Your divine heritage dramatically boosts your attributes as you level up.


Message History

Casting: Foxfire (safe; 1% risk of failure)
Confirm with . or Enter, or press ? or * to list all spells.
You conjure some foxfire!
You break out of your daze!
The foxfire hits Maggie but does no damage.
Casting: Foxfire (safe; 1% risk of failure)
Confirm with . or Enter, or press ? or * to list all spells.
You conjure some foxfire!
The foxfire hits Maggie but does no damage.
The foxfire hits Maggie.
Maggie is lightly wounded.
Casting: Foxfire (safe; 1% risk of failure)
Confirm with . or Enter, or press ? or * to list all spells.
You conjure some foxfire!
The foxfire hits Maggie.
Maggie is lightly wounded.
The foxfire hits Maggie.
Maggie is lightly wounded.
Maggie hits you from afar with a +0 glaive of flaming!!
Maggie burns you.
Casting: Foxfire (safe; 1% risk of failure)
Confirm with . or Enter, or press ? or * to list all spells.
Flames lash Maggie.
Maggie is moderately wounded.
Maggie's fire resistance burns away.
Maggie hits you from afar with a +0 glaive of flaming!
Maggie burns you.
Maggie mumbles some strange words.
Maggie attempts to bespell you! You resist with almost no effort.
Casting: Scorch (safe; 1% risk of failure)
Confirm with . or Enter, or press ? or * to list all spells.
Flames lash Maggie.
Maggie is burned terribly!
Maggie is heavily wounded.
Maggie hits you from afar with a +0 glaive of flaming!
Maggie burns you.
* * * LOW HITPOINT WARNING * * *
Maggie hits you from afar with a +0 glaive of flaming!
* * * LOW HITPOINT WARNING * * *
Maggie burns you.
You die...

######............# #..#########
#............# #..#........
#............# #...........
#............# #...........
######............# #...........
..................# ###.........
..................######.........
.................................
................@.#######..######
.........#####.#.#...#....>.#
.........# #.#@#.#.#......#
.........# #.#.#.# #......#
........... ..... # #......#
#########... . ... #......# ...
... #[.....# ....$ #......#
#......#


You could see Maggie (combustible).

Vanquished Creatures
  2 water moccasins
  Duvessa (D:7)
  2 ice beasts
  2 sky beasts
  An orc warrior (D:6)
  A centaur (D:5)
  An ogre (D:4)
  2 necrophages
  3 scorpions (D:5)
  8 wights
  Dowan (D:7)
  A howler monkey (D:6)
  5 orc priests
  6 hounds
  5 iguanas
  6 orc wizards
  9 mummies
  Robin (D:3)
  5 gnolls
  7 adders
  A shadow imp (D:7)
  A white imp (D:6)
  3 worms
  2 dart slugs
  17 orcs
  7 ball pythons
  4 bats (D:1)
  4 endoplasms
  14 giant cockroaches
  2 gnoll zombies (Ossuary)
  12 goblins
  13 hobgoblins
  3 jackals (D:1)
  4 quokkas
  A frilled lizard (D:2)
  A hobgoblin zombie (Ossuary)
  7 kobolds
  3 kobold zombies (Ossuary)
  2 orc zombies (Ossuary)
  5 rats
175 creatures vanquished.

Vanquished Creatures (others)
  656 foxfires
656 creatures vanquished.

Grand Total: 831 creatures vanquished

Notes
Turn   | Place    | Note
-------+----------+-------------------------------------------
     0 | D:1      | kae the Demigod Fire Elementalist began the quest for the
                  | Orb.
     0 | D:1      | Reached XP level 1. HP: 14/14 MP: 5/5
    64 | D:1      | Reached skill level 1 in Conjurations
   195 | D:1      | Found Foirur's Armour Shop.
   492 | D:1      | Reached XP level 2. HP: 22/22 MP: 0/7
   666 | D:1      | Reached skill level 3 in Fire Magic
  1396 | D:1      | Reached XP level 3. HP: 27/27 MP: 4/8
  1399 | D:1      | Learned a level 2 spell: Scorch
  1403 | D:1      | Learned a level 3 spell: Conjure Flame
  1821 | D:2      | Reached skill level 1 in Fighting
  3607 | D:3      | Reached XP level 4. HP: 35/35 MP: 7/10
  3696 | D:3      | Got Plato's Compendium of Dark Magic
  4095 | D:4      | Noticed a necrophage
  4106 | D:4      | Killed a necrophage
  4107 | D:4      | Reached XP level 5. HP: 27/41 MP: 3/11
  4215 | D:3      | Reached skill level 4 in Fire Magic
  4452 | D:3      | Noticed Robin
  4494 | D:3      | Killed Robin
  5087 | D:3      | Noticed a water moccasin
  5101 | D:3      | Killed a water moccasin
  5102 | D:3      | Reached XP level 6. HP: 23/48 MP: 2/13
  6006 | D:4      | Reached XP level 7. HP: 56/56 MP: 8/14
  6145 | D:4      | Reached skill level 5 in Fire Magic
  6563 | D:5      | Entered Level 5 of the Dungeon
  6989 | D:5      | Reached skill level 5 in Conjurations
  7089 | D:5      | Reached XP level 8. HP: 63/63 MP: 10/16
  7446 | D:5      | Reached skill level 6 in Fire Magic
  7786 | D:5      | Learned a level 3 spell: Inner Flame
  7791 | D:5      | Learned a level 4 spell: Flame Wave
  8636 | D:6      | Found a sand-covered staircase.
  8667 | Ossuary  | Entered an ossuary
  9215 | D:6      | You fall into a shaft and drop 2 floors!
  9222 | D:7      | Noticed Duvessa
  9248 | D:7      | Noticed Dowan
  9254 | D:7      | Killed Duvessa
  9255 | D:7      | Reached skill level 7 in Fire Magic
  9268 | D:7      | Killed Dowan
  9416 | D:7      | Noticed Joseph
  9420 | D:7      | Reached XP level 9. HP: 72/72 MP: 15/19
  9440 | D:7      | Found a staircase to the Ecumenical Temple.
  9851 | D:6      | Noticed Maggie
  9863 | D:6      | Slain by Maggie

Illustrated notes

Levels and vault maps discovered:
D:1:      lightli_arrival_maybe_door_vault, layout_loops_corners, serial_shops,
          shop_statue
D:2:      minmay_roachtagon, layout_basic, minmay_distorted
D:3:      layout_basic, amcnicky_altar_gilded, general_overflow_altar,
          shapermc_ecumenical_altar_rom_forum, minmay_fractal_squares_gapless_5,
          uniq_robin
D:4:      layout_basic, kennysheep_potato
D:5:      layout_loops_corners
D:6:      layout_basic, mainiacjoe_overflow_chevrons, gup_ossuary_entry_pyramid,
          uniq_maggie
D:7:      layout_loops_ring, minmay_temple_entry_glassed_door,
          corexii_leaking_fountain, grunt_decor_fettered, uniq_pikel,
          uniq_joseph, uniq_duvessa
D:8:      layout_basic, kennysheep_mini, wad_floor_pattern_untrapped,
          nicolae_wwwww, minmay_alternating_orb, uniq_erica

Skill      XL: |  1  2  3  4  5  6  7  8 |
---------------+-------------------------+-----
Conjurations   | 1 2 3 4 5 6 |  6.8
Fire Magic     | 3 4 5 7 |  7.4
Spellcasting   | 2 3 4 |  4.6
Fighting       | 1 2 3 4 |  4.6
Dodging        | |  1.7
Stealth        | |  1.7

Action                   |  1- 3 |  4- 6 |  7- 9 || total
-------------------------+-------+-------+-------++-------
Melee: Unarmed           |    37 |     1 |    19 ||    57
       Punch             |     1 |       |     1 ||     2
       Club              |       |       |    18 ||    18
 Cast: Foxfire           |   130 |   106 |   155 ||   391
       Scorch            |       |    13 |    58 ||    71
       Conjure Flame     |       |     1 |     5 ||     6
Evoke: Wand              |       |       |     6 ||     6
  Use: Scroll            |     5 |     4 |     9 ||    18
 Stab: Paralysed         |       |       |     6 ||     6
Armor: Robe              |    27 |     3 |    24 ||    54
       Skin              |       |       |     5 ||     5
Dodge: Dodged            |    95 |    33 |    65 ||   193

Table legend: (Time is in decaauts)
 A = Elapsed time spent in this place.
 B = Non-inter-level travel time spent in this place.
 C = Inter-level travel time spent in this place.
 D = Time resting spent in this place.
 E = Time spent auto-exploring this place.
 F = Levels seen in this place.
 G = Mean time per level.
                   A        B        C        D        E       F      G
               +--------+--------+--------+--------+--------+-----+--------+
         Total |   9868 |   9708 |    160 |    854 |   7249 |   9 | 1096.4 |
       Dungeon |   9486 |   9326 |    160 |    854 |   6973 |   8 | 1185.8 |
       Ossuary |    381 |    381 |      0 |      0 |    276 |   1 |  381.0 |
               +--------+--------+--------+--------+--------+-----+--------+

Top non-repeatable levels by time:
     D:2: 1923 daAuts
     D:1: 1674 daAuts
     D:5: 1674 daAuts
     D:3: 1505 daAuts
     D:4: 1461 daAuts
     D:6: 1018 daAuts
 Ossuary: 381 daAuts
     D:7: 221 daAuts
     D:8: 6 daAuts
